 Dungeon Sprint DCSS version 0.30.1-11-g7821555f0a (webtiles) character file.

Game seed: 7713235245070679855

26 Groucho the Digger (level 2, -11/15 HPs)
             Began as a Deep Elf Earth Elementalist on Nov 6, 2023.
             Was a Believer of Vehumet.
             Mangled by a warg (15 damage)
             ... in the Dungeon (Sprint VII: "The Pits").
             The game lasted 00:01:42 (868 turns).

Groucho the Digger (Deep Elf Earth Elementalist)     Turns: 868, Time: 00:01:42

Health: -11/15     AC:  2    Str:  5    XL:     2   Next: 89%
Magic:  3/9        EV: 13    Int: 19    God:    Vehumet [**....]
Gold:   0          SH:  0    Dex: 15    Spells: 8/9 levels left

rFire   . . .        h - +2 quarterstaff
rCold   . . .        (shield currently unavailable)
rNeg    . . .        a - +0 robe
rPois   .            (no helmet)
rElec   .            (no cloak)
rCorr   .            (no gloves)
SInv    .            (no boots)
Will    .....        (no amulet)
Stlth   ++           (no ring)
HPRegen 0.22/turn    (no ring)
MPRegen 0.11/turn

%: no teleportation
@: no status effects
A: no striking features
a: Renounce Religion


You were in the Dungeon.
You worshipped Vehumet.
Vehumet was pleased with you.
You visited 1 branch

Inventory:

Hand Weapons
 h - a +2 quarterstaff (weapon)
Armour
 a - a +0 robe (worn)
Scrolls
 g - a scroll of blinking
 j - 5 scrolls of amnesia
 k - a scroll of butterflies
Potions
 b - 5 potions of magic
 d - a potion of heal wounds
 e - a potion of haste
 f - 3 potions of berserk rage
 i - 2 potions of invisibility


   Skills:
 + Level 3.6 Dodging
 - Level 2.4 Stealth
 + Level 4.2 Spellcasting
 * Level 3.4 Conjurations
 - Level 1.1 Transmutations
 * Level 5.0 Earth Magic


You had 8 spell levels left.
You knew the following spells:

 Your Spells              Type           Power      Damage    Failure   Level
a - Sandblast             Erth           46%        2d11      1%          1

Your spell library contained the following spells:

 Spells                   Type           Power      Damage    Failure   Level
 Momentum Strike          Conj/Tloc      20%        3d8       10%         2
 Passwall                 Tmut/Erth      12%        N/A       6%          2
 Stone Arrow              Conj/Erth      40%        3d9       7%          3
 Petrify                  Tmut/Erth      15%        N/A       36%         4


Dungeon Overview and Level Annotations

Branches:
Dungeon (1/1)

Altars:
Ashenzari
Cheibriados
Dithmenos
Elyvilon
Fedhas
Gozag
Hepliaklqana
Kikubaaqudgha
Makhleb
Nemelex Xobeh
Okawaru
Qazlal
Ru
Sif Muna
Trog
Uskayaw
Vehumet
Wu Jian
Xom
Yredelemnul
Zin
The Shining One
Jiyva
Lugonu


Message History

Aiming: Sandblast (safe; 1% risk of failure)
Press: ? - help, Shift-Dir - straight line, f/p - warg
Aim: a warg (heavily wounded, 79% to hit)
The blast of sand hits the warg.
The warg is severely wounded.
Casting: Sandblast (safe; 1% risk of failure)
Confirm with . or Enter, or press ? or * to list all spells.
Aiming: Sandblast (safe; 1% risk of failure)
Press: ? - help, Shift-Dir - straight line, f/p - warg
Aim: a warg (heavily wounded, 79% to hit)
The blast of sand hits the warg.
The warg is severely wounded.
The warg bites you. The warg bites you!
Ouch! That really hurt!
* * * LOW HITPOINT WARNING * * *
Unknown command.
The warg attacks as you move away! The warg closely misses you.
Casting: Sandblast (safe; 1% risk of failure)
Confirm with . or Enter, or press ? or * to list all spells.
Aiming: Sandblast (safe; 1% risk of failure)
Press: ? - help, Shift-Dir - straight line, f/p - warg
Aim: a warg (severely wounded, 79% to hit)
The blast of sand misses the warg.
The warg barely misses you.
Unknown command.
Unknown command.
Unknown command.
You feel better. The warg barely misses you. The warg closely misses you.
Casting: Sandblast (safe; 1% risk of failure)
Confirm with . or Enter, or press ? or * to list all spells.
Aiming: Sandblast (safe; 1% risk of failure)
Press: ? - help, Shift-Dir - straight line, f/p - warg
Aim: a warg (severely wounded, 79% to hit)
The blast of sand hits the warg!
The warg is almost dead.
The warg bites you!
Ouch! That really hurt!
* * * LOW HITPOINT WARNING * * *
The warg bites you!
Ouch! That really hurt!
You die...

##########'##...........
#.?(.')))'.##......#..#
##########.##..........
#.....†....)'.).........
+#####'#####......#..#.
#B #...'.##...........
#..#...#.#####'#####+
#..#####.##.......#
#..'...#@##.......#
#..'÷..h.##.......#
#..########...<...# #.
#.......# # #.......#
#.......# #########


You could see a warg.

Vanquished Creatures
  An adder (D)
  A gnoll (D)
  An orc (D)
  A ball python (D)
  2 jackals (D)
  A quokka (D)
7 creatures vanquished.

Notes
Turn   | Place    | Note
-------+----------+-------------------------------------------
     0 | D        | Groucho the Deep Elf Earth Elementalist began the quest for
                  | the Orb.
     0 | D        | Reached XP level 1. HP: 10/10 MP: 6/6
    17 | D        | Reached skill level 1 in Conjurations
   404 | D        | Found a bloodstained altar of Trog.
   404 | D        | Found a shimmering blue altar of Sif Muna.
   404 | D        | Found a viscous altar of Jiyva.
   404 | D        | Found a hazy altar of Hepliaklqana.
   404 | D        | Found an opulent altar of Gozag.
   405 | D        | Found a glowing golden altar of the Shining One.
   405 | D        | Found a glowing silver altar of Zin.
   405 | D        | Found a basalt altar of Yredelemnul.
   405 | D        | Found a shimmering altar of Xom.
   405 | D        | Found an ornate altar of the Wu Jian Council.
   405 | D        | Found a sacrificial altar of Ru.
   405 | D        | Found a stormy altar of Qazlal.
   405 | D        | Found an iron altar of Okawaru.
   405 | D        | Found a sparkling altar of Nemelex Xobeh.
   405 | D        | Found a burning altar of Makhleb.
   405 | D        | Found a blossoming altar of Fedhas.
   405 | D        | Found a white marble altar of Elyvilon.
   405 | D        | Found a shadowy altar of Dithmenos.
   405 | D        | Found a snail-covered altar of Cheibriados.
   407 | D        | Found a radiant altar of Vehumet.
   407 | D        | Found a corrupted altar of Lugonu.
   408 | D        | Found a hide-covered altar of Uskayaw.
   408 | D        | Found an ancient bone altar of Kikubaaqudgha.
   408 | D        | Found a broken altar of Ashenzari.
   417 | D        | Became a worshipper of Vehumet
   440 | D        | Reached skill level 4 in Earth Magic
   440 | D        | Reached XP level 2. HP: 15/15 MP: 4/8
   645 | D        | Reached * piety under Vehumet
   645 | D        | Offered knowledge of Foxfire by Vehumet.
   858 | D        | Offered knowledge of Momentum Strike by Vehumet.
   858 | D        | Reached ** piety under Vehumet
   859 | D        | Reached skill level 5 in Earth Magic
   859 | D        | Noticed a warg
   868 | D        | Mangled by a warg

Illustrated notes

Levels and vault maps discovered:
D:        pitsprint [storerooms_1, entrance_room_1, metal_vault_3, armoury_3,
          mini_pit_1, grid_room_1, main_hall_1, silver_pit, the_coven_2,
          the_vestibule_1, steel_vault_4, golden_pit, hallway_of_sentries,
          crystal_vault_2, iron_vault_1, final_vault]

Skill      XL: |  1  2 |
---------------+-------+-----
Conjurations   | 2 3 |  3.4
Dodging        | 3 |  3.6
Earth Magic    | 4 5 |  5.0
Spellcasting   | 4 |  4.2
Stealth        | |  2.4
Transmutations | |  1.1

Action                     || total
---------------------------++-------
   Cast: Sandblast         ||    19
    Use: Potion            ||     1
  Dodge: Dodged            ||     8
